 Dungeon Sprint DCSS version 0.20.1-1-g8b1a95d (webtiles) character file.

2186 wojtek the Bludgeoner (level 9, -13/133 HPs)
             Began as a Minotaur Berserker on Jan 1, 2018.
             Was an Elder of Trog.
             Killed from afar by a crystal guardian (19 damage)
             ... with a crystal bolt
             ... in the Dungeon (Sprint II: "The Violet Keep of Menkaure").
             The game lasted 00:05:16 (1027 turns).

wojtek the Bludgeoner (Minotaur Berserker)          Turns: 1027, Time: 00:05:17

Health: -13/133    AC:  3    Str: 29    XL:     9   Next: 11%
Magic:  8/8        EV: 17    Int:  1    God:    Trog [****..]
Gold:   417        SH:  0    Dex: 11    Spells: 8/8 levels left

rFire    + . .     SeeInvis +   a - +0 mace
rCold    + . .     Gourm    .   (no shield)
rNeg     . . .     Faith    .   b - +0 animal skin
rPois    .         Spirit   .   (helmet restricted)
rElec    .         Reflect  .   (no cloak)
rCorr    .         Harm     .   (no gloves)
MR       .....     NoTele   +   (no boots)
Stlth    ..........             (no amulet)
Regen    0.4/turn               k - ring of the Nightingale {rF+ rC+ Int-3 Slay+5 SInv}
MPRegen  0.2/turn               (no ring)

@: berserking, very quick
A: retaliatory headbutt, horns 2
a: Berserk, Trog's Hand, Brothers in Arms, Burn Spellbooks, Renounce Religion


You were in the Dungeon.
You worshipped Trog.
Trog was greatly pleased with you.
You were not hungry.

You visited 1 branch You collected 1053 gold pieces.
You spent 636 gold pieces at shops.

Inventory:

Hand Weapons
 a - a +0 mace (weapon)
Armour
 b - a +0 animal skin (worn)
Jewellery
 k - the ring of the Nightingale (left hand) {rF+ rC+ Int-3 Slay+5 SInv}
   (You bought it in a shop in the Dungeon)

   [ring of protection from fire]

   It affects your intelligence (-3).
   It affects your accuracy and damage with ranged weapons and melee attacks
   (+5).
   It protects you from fire.
   It protects you from cold.
   It lets you see invisible.
Scrolls
 i - a scroll of blinking
Potions
 d - a potion of curing
 e - a potion of heal wounds
 f - a potion of haste
 g - 2 potions of magic
 h - a potion of berserk rage


   Skills:
 + Level 11.6 Fighting
 * Level 15.2 Maces & Flails
 + Level 11.2 Armour
 + Level 10.4 Dodging


You had 8 spell levels left.
You didn't know any spells.

Dungeon Overview and Level Annotations

Branches:
Dungeon (1/1)

Altars:
Dithmenos
Elyvilon
Fedhas
Gozag
Kikubaaqudgha
Makhleb
Nemelex Xobeh
Okawaru
Qazlal
Ru
Sif Muna
Trog
Uskayaw
Vehumet
Xom
Yredelemnul
Zin
The Shining One
Jiyva
Lugonu

Shops:
D =:[=!?=}[[:!:(*%

Annotations:
D exclusion: oklob plant


Innate Abilities, Weirdness & Mutations

You reflexively headbutt those who attack you in melee.
You have a pair of horns on your head.


Message History

Unknown command.
You hit the swamp drake. Your headbutt misses the swamp drake.
The swamp drake is moderately wounded.
The swamp drake bites you!
You bludgeon the swamp drake!!
You kill the swamp drake!
Trog accepts your kill.
You can now call in reinforcements.
A red film seems to cover your vision as you go berserk!
You feel yourself moving faster!
You feel mighty!
You feel quite a bit more hungry.
Your ogre hits you with a giant spiked club!
* * * LOW HITPOINT WARNING * * *
The crystal guardian fires a crystalline bolt at you.
The crystal bolt burns you! You resist.
* * * LOW HITPOINT WARNING * * *
You hit the crystal guardian but do no damage.
You headbutt the crystal guardian, but do no damage.
The crystal guardian fires a crystalline bolt at you.
The crystal bolt burns you! You resist.
You die...

≈≈ #+++## .....# +##..#
#. . #.##.#### +.##.
#..#....# ..8####
#.####..## #.k##.#
'###.##..# +..#.O#
.##...#..# #..#@.#
<.'##.+..####..##8#
.##...#....###..§##▓▓▓
'###.##......≈≈§8≈≈≈≈≈≈≈
..####≈≈.....≈#+########
#).#≈≈≈§≈≈≈§.≈#..._._._#
..##≈≈≈§≈≈≈≈.≈#_._._._.#
+##≈≈≈≈≈≈≈≈≈≈≈#._._._._#
≈≈≈≈≈≈≈≈≈≈§§§≈#.._._._.#


You could see a crystal guardian and a friendly ogre (berserk).

Vanquished Creatures
  A merfolk siren (D)
  A yaktaur (D)
  2 tyrant leeches (D)
  A hornet (D)
  Menkaure (D)
  A swamp drake (D)
  4 necrophages (D)
  3 worms (D)
14 creatures vanquished.

Vanquished Creatures (collateral kills)
  3 polar bears (D)
3 creatures vanquished.

Vanquished Creatures (others)
  A crocodile (D)
1 creature vanquished.

Grand Total: 18 creatures vanquished

Notes
Turn   | Place    | Note
-------+----------+-------------------------------------------
     0 | D        | wojtek the Minotaur Berserker began the quest for the Orb.
     0 | D        | Reached XP level 1. HP: 19/19 MP: 0/0
     1 | D        | Noticed a tyrant leech
     1 | D        | Noticed a tyrant leech
     4 | D        | Noticed a necrophage
     4 | D        | Noticed a necrophage
     4 | D        | Noticed a necrophage
     4 | D        | Noticed a necrophage
     7 | D        | Killed a necrophage
     7 | D        | Reached skill level 5 in Fighting
     7 | D        | Reached skill level 7 in Maces & Flails
     7 | D        | Reached skill level 5 in Armour
     7 | D        | Reached XP level 2. HP: 30/30 MP: 1/1
     7 | D        | Reached XP level 3. HP: 37/37 MP: 2/2
     7 | D        | Reached XP level 4. HP: 44/44 MP: 3/3
    11 | D        | Killed a necrophage
    11 | D        | Reached skill level 8 in Maces & Flails
    11 | D        | Reached skill level 5 in Dodging
    11 | D        | Reached XP level 5. HP: 51/51 MP: 4/4
    13 | D        | Killed a necrophage
    13 | D        | Reached ** piety under Trog
    13 | D        | Reached skill level 9 in Maces & Flails
    16 | D        | Killed a crocodile
    17 | D        | Killed a necrophage
    17 | D        | Reached skill level 10 in Maces & Flails
    17 | D        | Reached XP level 6. HP: 61/61 MP: 5/5
    57 | D        | Noticed a merfolk siren
    67 | D        | Killed a merfolk siren
    67 | D        | Reached *** piety under Trog
    67 | D        | Reached skill level 12 in Maces & Flails
    67 | D        | Reached XP level 7. HP: 57/70 MP: 6/6
   223 | D        | Found Utabac's Food Emporium.
   223 | D        | Found Feanu's Book Shoppe.
   223 | D        | Found Bozuatz's General Store.
   223 | D        | Found Ejoggaocko's Distillery.
   224 | D        | Found Cuotimus's Antique Weapon Emporium.
   224 | D        | Found Gijudaff's Antique Armour Shoppe.
   224 | D        | Found Edwusen's Antique Armour Emporium.
   224 | D        | Found Kongar's Gadget Shoppe.
   233 | D        | Found Fipuwev's Magic Scroll Shoppe.
   233 | D        | Found Boufrufu's Book Emporium.
   233 | D        | Found Oxoiclig's Jewellery Emporium.
   233 | D        | Found Aneoth's Distillery.
   233 | D        | Noticed Menkaure
   233 | D        | Noticed a yak
   234 | D        | Noticed a yak
   250 | D        | Killed Menkaure
   250 | D        | Reached **** piety under Trog
   398 | D        | Found Quvvapae's Jewellery Shoppe.
   398 | D        | Found Dimerohi's Armour Emporium.
   398 | D        | Noticed an oklob plant
   399 | D        | Found Ireahoe's Jewellery Shoppe.
   399 | D        | Found Gasunuipn's Book Shoppe.
   401 | D        | Noticed a death yak
   401 | D        | Noticed a yak
   403 | D        | Noticed a flying skull
   407 | D        | Bought the ring of the Nightingale {rF+ rC+ Int-3 Slay+5 SInv} for 636 gold pieces
   460 | D        | Killed a tyrant leech
   460 | D        | Reached skill level 10 in Fighting
   460 | D        | Reached skill level 13 in Maces & Flails
   460 | D        | Reached XP level 8. HP: 57/79 MP: 7/7
   462 | D        | Killed a tyrant leech
   462 | D        | Reached skill level 10 in Armour
   652 | D        | Noticed an ice statue
   665 | D        | Found a glowing golden altar of the Shining One.
   666 | D        | Found a shimmering altar of Xom.
   666 | D        | Found a sacrificial altar of Ru.
   667 | D        | Found a basalt altar of Yredelemnul.
   667 | D        | Found a deep blue altar of Sif Muna.
   667 | D        | Found a stormy altar of Qazlal.
   667 | D        | Found a viscous altar of Jiyva.
   668 | D        | Found a glowing silver altar of Zin.
   668 | D        | Found a bloodstained altar of Trog.
   668 | D        | Found an ancient bone altar of Kikubaaqudgha.
   669 | D        | Found a hide-covered altar of Uskayaw.
   669 | D        | Found a corrupted altar of Lugonu.
   669 | D        | Found a shadowy altar of Dithmenos.
   672 | D        | Found a radiant altar of Vehumet.
   672 | D        | Found a burning altar of Makhleb.
   672 | D        | Found a white marble altar of Elyvilon.
   673 | D        | Found a sparkling altar of Nemelex Xobeh.
   673 | D        | Found a blossoming altar of Fedhas.
   674 | D        | Found an iron altar of Okawaru.
   674 | D        | Found an opulent altar of Gozag.
   675 | D        | Noticed a yaktaur
   675 | D        | Noticed a hornet
   675 | D        | Noticed a polar bear
   676 | D        | Noticed a polar bear
   677 | D        | Noticed a polar bear
   680 | D        | Killed a polar bear
   682 | D        | Killed a polar bear
   682 | D        | Reached skill level 14 in Maces & Flails
   692 | D        | Killed a polar bear
   696 | D        | Killed a hornet
   696 | D        | Reached skill level 10 in Dodging
   701 | D        | Killed a yaktaur
   701 | D        | Reached skill level 15 in Maces & Flails
   701 | D        | Reached XP level 9. HP: 20/89 MP: 8/8
  1004 | D        | Noticed a crystal guardian
  1026 | D        | HP: 6/133 [crystal guardian/crystal bolt (33)]
  1027 | D        | Killed from afar by a crystal guardian

Skill      XL: |  1  2  3  4  5  6  7  8 |
---------------+-------------------------+-----
Fighting       | 5 6 8 9 10 11 | 11.6
Maces & Flails | 7 8 10 12 13 15 | 15.2
Armour         | 5 6 7 9 11 | 11.2
Dodging        | 4 5 6 8 9 10 | 10.4

Action                   |  1- 3 |  4- 6 |  7- 9 || total
-------------------------+-------+-------+-------++-------
Melee: Mace              |     2 |    15 |    46 ||    63
       Headbutt          |     1 |     3 |    11 ||    15
Invok: Berserk           |     1 |     1 |     3 ||     5
       Brothers in Arms  |       |       |     3 ||     3
  Eat: Bread ration      |       |       |     1 ||     1
       Chunk             |       |       |     1 ||     1
Armor: Animal skin       |       |     2 |     3 ||     5
Dodge: Dodged            |       |     4 |    19 ||    23
